Cogmind - Beta 14 @@@ ROGUE MODE // 2024.09.30 @ 10:24:21 Player: Cherman0 Result: Destroyed by Y-54 Guardian with Gatling Laser Performance ------------- Evolutions (0) 0 Regions Visited (4) 800 Robots Destroyed (52) 260 Value Destroyed (1056) 1056 Prototype IDs (2) 40 Alien Tech Used (0) 0 Bonus (0) 0 TOTAL SCORE: 2156 Bonus ------- None Cogmind --------- Core Integrity 0/250 Matter 260/300 Energy 250/250 System Corruption 0% Temperature Warm (158) Movement Treading (320) Ox2 Location -7/Recycling Parts ------- > --- POWER (1) -------- Ion Engine > --- PROPULSION (2) --- Light Treads Light Treads > --- UTILITY (2) ------ Huge Storage Unit Makeshift Light Armor Plating > --- WEAPON (2) ------- Battle Cannon Battle Cannon > --- INVENTORY (25) --- Light Nuclear Core Light Treads Light Treads Light Treads Light Treads Compact Wheel Compact Wheel Compact Wheel High-capacity Storage Unit Large Matter Pod (150) Large Matter Pod (150) Large Matter Pod (150) Large Matter Pod (150) High-capacity Matter Pod (200) High-capacity Matter Pod (200) High-capacity Matter Pod (200) High-capacity Matter Pod (178) Seismic Detector Assault Rifle Light Cannon Subdweller Shrapnel Launcher Subdweller Shrapnel Launcher Subdweller Shrapnel Launcher Datajack Peak State ------------ > --- POWER ------------ Ion Engine > --- PROPULSION ------- Compact Wheel Compact Wheel > --- UTILITY ---------- Huge Storage Unit Makeshift Light Armor Plating > --- WEAPON ----------- Battle Cannon Battle Cannon > --- INVENTORY -------- Light Nuclear Core Light Treads Light Treads Light Treads Light Treads Light Treads Light Treads Compact Wheel High-capacity Storage Unit Large Matter Pod Large Matter Pod Large Matter Pod Large Matter Pod High-capacity Matter Pod High-capacity Matter Pod High-capacity Matter Pod High-capacity Matter Pod Seismic Detector Assault Rifle Light Cannon Subdweller Shrapnel Launcher Subdweller Shrapnel Launcher Subdweller Shrapnel Launcher Datajack Mining Laser [Rating: 15] Favorites ----------- Power Ion Engine Engine Ion Engine Power Core Light Nuclear Core Propulsion Light Treads Treads Light Treads Leg Aluminum Leg Wheel Compact Wheel Utility Huge Storage Unit Device Seismic Detector Storage Huge Storage Unit Protection Makeshift Light Armor Plating Weapon Assault Rifle Ballistic Gun Assault Rifle Ballistic Cannon Battle Cannon Launcher Subdweller Shrapnel Launcher Special Weapon Mining Laser Build | -11 -10 -10 -10 -7 ------- Run | Yrd Mat Min Sub Rec Slots Evolved . | . . . . . Power . | . . . . . Propulsion . | . . . . . Utility . | . . . . . Weapon . | . . . . . Parts Attached 60 | 4 23 7 26 . Power 2 | . 1 1 . . Engine 1 | . . 1 . . Core 1 | . 1 . . . Reactor . | . . . . . Propulsion 18 | 2 11 2 3 . Treads 10 | 2 5 1 2 . Leg . | . . . . . Wheel 8 | . 6 1 1 . Hover . | . . . . . Flight . | . . . . . Utility 14 | 1 4 . 9 . Device 6 | 1 1 . 4 . Storage 3 | . 3 . . . Processor . | . . . . . Hackware . | . . . . . Protection 5 | . . . 5 . Artifact . | . . . . . Weapon 26 | 1 7 4 14 . Energy Gun . | . . . . . Energy Cannon . | . . . . . Ballistic Gun 8 | 1 4 2 1 . Ballistic Cannon 7 | . . . 7 . Launcher 9 | . 3 2 4 . Special Weapon 2 | . . . 2 . Impact Weapon . | . . . . . Slashing Weapon . | . . . . . Piercing Weapon . | . . . . . Special Melee Weapon . | . . . . . Unidentified Prototypes . | . . . . . Parts Lost 3 | . 1 2 . . Power 1 | . . 1 . . Propulsion 1 | . . 1 . . Utility 1 | . 1 . . . Weapon . | . . . . . Highest Loss Streak 1 | . 1 1 . . To Critical Strikes . | . . . . . Average Slot Usage (%) 96 | . 92 100 100 100 Engine 7 | . 1 7 14 14 Core 6 | . 12 7 . . Treads 16 | . 23 . 13 28 Wheel 11 | . 4 27 14 . Device 7 | . 7 14 4 . Storage 14 | . 14 14 14 14 Protection 3 | . . . 9 14 Ballistic Gun 16 | . 27 27 1 . Ballistic Cannon 10 | . . . 25 28 Peak Build Rating 15 | 7 11 11 15 14 Average Rating 11 | 6 9 9 12 14 On Entrance 9 | 6 7 11 9 14 Naked Turns . | . . . . . Heaviest Build 105 | 13 91 91 105 . Greatest Support 40 | 40 40 32 40 . Greatest Overweight (x) 3 | . 2 2 3 . Average Overweight (x) 1 | . 1 2 2 . Largest Inventory Capacity 25 | 8 25 25 25 25 Average Capacity 22 | 8 20 25 25 25 Most Carried 25 | 6 25 25 25 24 Average Carried 21 | 4 18 24 24 24 Final Capacity 25 | 8 25 25 25 25 Final Carried 25 | 5 25 24 24 24 Class Distribution -------------------- 100% | Mutant Dominant Class ---------------- Mutant | -10/Materials Mutant | -10/Mines Mutant | -10/Subcaves Mutant | -7/Recycling Resources | -11 -10 -10 -10 -7 ----------- Run | Yrd Mat Min Sub Rec Matter Collected 3796 | 270 1099 1388 1039 . Remotely . | . . . . . Salvage Created 1429 | 132 1073 111 113 . Parts 99 | 7 62 17 13 . Haulers Intercepted 2 | . 2 . . . Recyclers Shooed 5 | 1 4 . . . Parts Field Recycled . | . . . . . Retrieved Matter . | . . . . . Parts Self-Destructed 11 | . . . 11 . Prevented . | . . . . . Kills | -11 -10 -10 -10 -7 ------- Run | Yrd Mat Min Sub Rec Combat Hostiles Destroyed 36 | . 19 8 9 . Guns 23 | . 19 4 . . Cannons 5 | . . . 5 . AOE 8 | . . 4 4 . Classes Destroyed 8 | 2 4 . 2 . Tunneler 5 | 2 1 2 . . Hauler 2 | . 2 . . . Recycler 4 | 1 3 . . . Turret 2 | . . . 2 . Watcher 3 | . 3 . . . Swarmer 17 | . 5 8 4 . Grunt 14 | . 14 . . . Subdweller 5 | . . . 5 . Best Kill Streak 6 | 2 3 6 5 . Combat Bots Only 4 | . 3 3 4 . Max Kills in Single Turn 3 | 1 1 3 3 . Gunslinging . | . . . . . Exploded 3 | . . 3 2 . Melee . | . . . . . Uniques/NPCs Destroyed . | . . . . . Combat | -11 -10 -10 -10 -7 -------- Run | Yrd Mat Min Sub Rec Hostile Shots Fired 173 | . 70 30 43 30 Missed 57 | . 23 6 15 13 Damage Taken 1239 | . 538 225 352 124 Core 256 | . 103 61 76 16 Absorbed by Shields . | . . . . . Regen/Repaired (Parts) 196 | . 196 . . . Core Remaining (%) 100 | 100 . . . . Volleys Fired 167 | 5 97 15 46 4 Largest 2 | 2 2 2 2 2 Hottest 100 | 40 40 40 100 78 Shots Fired 302 | 10 192 25 67 8 Gun 220 | 10 190 20 . . Cannon 52 | . . . 44 8 Launcher 15 | . 2 5 8 . Special 15 | . . . 15 . Kinetic 280 | 10 190 20 52 8 Thermal 15 | . . . 15 . Explosive 7 | . 2 5 . . Electromagnetic . | . . . . . Robot Hit Streak 11 | 4 11 4 10 9 Robot Miss Streak 5 | 1 5 4 2 . Penetration Max . | . . . . . Secondary Targets 3 | . 3 . . . Max Gunslinging Chain 1 | . 1 . . . Shots Hit Robots 167 | 6 117 8 28 8 Core Hits 85 | 4 52 10 18 1 Critical Kills 1 | . 1 . . . Critical Parts Destroyed 2 | . 2 . . . Critical Strikes 6 | . 3 . 1 2 Destroy 3 | . 3 . . . Blast 3 | . . . 1 2 Melee Attacks . | . . . . . Impact . | . . . . . Slashing . | . . . . . Piercing . | . . . . . Sneak Attacks . | . . . . . Combat Hostiles . | . . . . . Follow-up Attacks . | . . . . . Damage Inflicted 3357 | 80 1570 384 1143 180 Guns 1747 | 80 1558 109 . . Cannons 645 | . . . 465 180 Explosions 953 | . . 275 678 . Melee . | . . . . . Ramming 12 | . 12 . . . Kinetic 3070 | 80 1558 109 1143 180 Thermal . | . . . . . Explosive 275 | . . 275 . . Electromagnetic . | . . . . . Impact . | . . . . . Slashing . | . . . . . Piercing . | . . . . . Highest Corruption . | . . . . . Average Corruption . | . . . . . Corruption Purged . | . . . . . Corruption Blocked . | . . . . . Overload Shots . | . . . . . Overflow Damage 45 | . . 12 33 . Projectiles . | . . . . . Explosions 45 | . . 12 33 . Melee . | . . . . . Knockbacks 6 | . . . 6 . Impact . | . . . . . Kinetic 6 | . . . 6 . Secondary . | . . . . . Self-Inflicted Damage 86 | . . 40 46 . Shots 3 | . . 2 1 . Rammed 3 | . 3 . . . Targets Rammed 3 | . 3 . . . Kicked . | . . . . . Crushed . | . . . . . Highest Temperature 152 | . 29 . . 152 Average Temperature 26 | . 7 . . 85 Received Heat Transfer 444 | . 300 . 96 48 Siege Activations . | . . . . . Robots Corrupted . | . . . . . Combat Hostiles . | . . . . . Parts Fried . | . . . . . Impact Corruptions . | . . . . . Robots Melted . | . . . . . Combat Hostiles . | . . . . . Parts Melted . | . . . . . Heat Transferred . | . . . . . Parts Sabotaged . | . . . . . Parts Stolen . | . . . . . Parts Stripped . | . . . . . Power Chain Reactions . | . . . . . Alert | -11 -10 -10 -10 -7 ------- Run | Yrd Mat Min Sub Rec Peak Influence 268 | 15 268 233 . . Initial 40 | . 9 40 . . Average 70 | 10 62 109 . . Maximum Alert Level 1 | . 1 1 . . Low Security (%) 92 | 100 94 85 . 100 Level 1 7 | . 5 14 . . Level 2 . | . . . . . Level 3 . | . . . . . Level 4 . | . . . . . Level 5 . | . . . . . High Security . | . . . . . Max Security . | . . . . . Squads Dispatched 2 | . 2 . . . Investigation 2 | . 2 . . . Extermination . | . . . . . Reinforcement . | . . . . . Assault . | . . . . . Garrison . | . . . . . Intercept . | . . . . . Searches Triggered . | . . . . . Construction Impeded . | . . . . . Haulers Reinforced . | . . . . . Active Scanning Responses . | . . . . . Cargo Convoy Interrupts . | . . . . . Stealth | -11 -10 -10 -10 -7 --------- Run | Yrd Mat Min Sub Rec Distress Signals 2 | . 2 . . . Communications Jammed . | . . . . . Distress Signals . | . . . . . Times Spotted 47 | . 26 9 11 1 Peak Tracking Total 4 | . 4 3 4 1 Tactical Retreats 3 | . 1 1 1 . Traps | -11 -10 -10 -10 -7 ------- Run | Yrd Mat Min Sub Rec Traps Triggered . | . . . . . Indirectly . | . . . . . Trap Hack Attempts . | . . . . . Triggered . | . . . . . Disarmed . | . . . . . Reprogrammed . | . . . . . Reused . | . . . . . Traps Extracted . | . . . . . Installed . | . . . . . Triggered . | . . . . . Machines | -11 -10 -10 -10 -7 ---------- Run | Yrd Mat Min Sub Rec Machines Disabled 3 | . . . 3 . Max in Single Turn 3 | . . . 3 . Machines Repaired . | . . . . . Machines Dismantled . | . . . . . Machines Sabotaged . | . . . . . Overloaded Fab Kills . | . . . . . Hacking | -11 -10 -10 -10 -7 --------- Run | Yrd Mat Min Sub Rec Machines Accessed 10 | . 10 . . . Terminals 7 | . 7 . . . Fabricators . | . . . . . Repair Stations 1 | . 1 . . . Recycling Units 2 | . 2 . . . Scanalyzers . | . . . . . Garrison Access . | . . . . . Total Hacks 30 | . 30 . . . Successful 18 | . 18 . . . Failed 11 | . 11 . . . Catastrophic . | . . . . . Database Lockouts 1 | . 1 . . . Manual 24 | . 24 . . . Terminals 21 | . 21 . . . Fabricators . | . . . . . Repair Stations 4 | . 4 . . . Recycling Units 5 | . 5 . . . Scanalyzers . | . . . . . Garrison Access . | . . . . . Terminal Hacks 3 | . 3 . . . Robot Analysis 2 | . 2 . . . Prototype ID Bank 1 | . 1 . . . Fabricator Hacks . | . . . . . Repair Station Hacks 4 | . 4 . . . Scan Component 2 | . 2 . . . Repair 2 | . 2 . . . Recycling Unit Hacks . | . . . . . Scanalyzer . | . . . . . Garrison Access Hacks . | . . . . . Unauthorized Hacks 11 | . 11 . . . Terminals 9 | . 9 . . . Assimilate 1 | . 1 . . . Botnet 1 | . 1 . . . Operators 1 | . 1 . . . Skim 6 | . 6 . . . Fabricators . | . . . . . Repair Stations . | . . . . . Recycling Units 2 | . 2 . . . Tunnel 2 | . 2 . . . Scanalyzers . | . . . . . Garrison Access . | . . . . . Data Cores Recovered . | . . . . . Used . | . . . . . Hacking Detections 7 | . 7 . . . Full Trace Events 1 | . 1 . . . Feedback Events . | . . . . . Feedback Blocked . | . . . . . Robot Schematics Acquired . | . . . . . Robots Built . | . . . . . Authchips . | . . . . . Time . | . . . . . Total Robot Build Rating . | . . . . . Part Schematics Acquired . | . . . . . Parts Built . | . . . . . Authchips . | . . . . . Time . | . . . . . Total Part Build Rating . | . . . . . Parts Repaired 2 | . 2 . . . Time 52 | . 52 . . . Parts Recycled . | . . . . . Recycled Matter . | . . . . . Retrieved Matter . | . . . . . Retrieved Components . | . . . . . Parts Scanalyzed . | . . . . . Part Schematics Acquired . | . . . . . Parts Damaged . | . . . . . Bothacking | -11 -10 -10 -10 -7 ------------ Run | Yrd Mat Min Sub Rec Used RIF Installer . | . . . . . Robots Hacked . | . . . . . Non-combat . | . . . . . Combat . | . . . . . Robot Hacks Applied . | . . . . . Relay Couplers Released . | . . . . . Fabnet Peak Effective % . | . . . . . Robots Rewired . | . . . . . Allies Hacked . | . . . . . Hacks Repelled . | . . . . . Allies | -11 -10 -10 -10 -7 -------- Run | Yrd Mat Min Sub Rec Total Allies 1 | . 1 . . . Largest Group 1 | . 1 . . . Highest-Rated Group 10 | . 10 . . . Highest-Rated Ally 10 | . 10 . . . Total Orders . | . . . . . Ally Attacks . | . . . . . Total Damage . | . . . . . Kills . | . . . . . Allies Corrupted . | . . . . . Allies Melted . | . . . . . Intel | -11 -10 -10 -10 -7 ------- Run | Yrd Mat Min Sub Rec Robot Analysis Total 2 | . 2 . . . Derelict Logs Recovered 3 | . . 1 2 . Drone Launches . | . . . . . Drone Recoveries . | . . . . . Exploration | -11 -10 -10 -10 -7 ------------- Run | Yrd Mat Min Sub Rec Turns Passed 6925 | 88 3132 806 2889 10 Spaces Moved 3194 | 37 1188 562 1407 . Core . | . . . . . Treads 1311 | 37 852 . 422 . Legs . | . . . . . Wheels 1883 | . 336 562 985 . Hover . | . . . . . Flight . | . . . . . Fastest Speed 130 | 160 130 130 130 . Average Speed 188 | 160 217 130 187 . Slowest Speed 320 | 160 320 130 320 . Overloaded Moves . | . . . . . Propulsion Burnouts . | . . . . . Robots Hopped . | . . . . . Cave-ins Triggered . | . . . . . Exploration Rate (%) 51 | 4 99 99 54 3 Regions Visited 4 Branch Regions 3 Pre-discovered Areas 5 | . 3 1 1 . Known Exits Taken 2 | . 1 1 . . Unknown Exits Taken 2 | 1 . . 1 . Scrap Searched 6 | . . 3 3 . Spaces Dug 17 | . . 5 12 . Terrain Destroyed 165 | . 20 37 108 . Melee . | . . . . . Projectile 15 | . . . 15 . AOE 150 | . 20 37 93 . Terrain Rammed . | . . . . . Walls Destroyed . | . . . . . Machines Disabled . | . . . . . Actions | -11 -10 -10 -10 -7 --------- Run | Yrd Mat Min Sub Rec Total 3756 | 55 1526 611 1560 4 Wait 283 | 7 189 21 66 . Move 3190 | 36 1187 561 1406 . Hop . | . . . . . Pick Up 35 | 1 22 4 8 . Fast Attach 3 | 1 2 . . . Attach 5 | . 2 2 1 . Detach 1 | . 1 . . . Swap 52 | 3 19 5 25 . Drop 17 | 2 4 3 8 . Fire 167 | 5 97 15 46 4 Melee . | . . . . . Ram . | . . . . . Kick . | . . . . . Crush 3 | . 3 . . . Escape Stasis . | . . . . . Rewire . | . . . . . Trap . | . . . . . Miscellaneous . | . . . . . Route ------- -11/Scrapyard -10/Materials (discovered 4 exits: *Mat x3 / *Min) -10/Mines (discovered 3 exits: *Mat x2 / *Sub) -10/Subcaves (discovered 2 exits: [*Mat] / [*Rec]) -7/Recycling History --------- Turn | Location | Event 19 | -11/Scrapyard | Discovered new exit (range 3) 89 | -11/Scrapyard | Entered Materials 315 | -10/Materials | Build established: Mutant 438 | -10/Materials | Discovered new exit (range 15) 635 | -10/Materials | Discovered new exit (range 14) 1541 | -10/Materials | Discovered new exit (range 11) 1817 | -10/Materials | Discovered new exit (range 12) 2133 | -10/Materials | Central database locked down 2152 | -10/Materials | Learned location of 2 exits from Mines 2205 | -10/Materials | Learned location of Mines (-10) 2216 | -10/Materials | Learned Storage emergency access door positions 2221 | -10/Materials | Loaded intel: 1 repair station location 2222 | -10/Materials | Identified exit to Mines 2231 | -10/Materials | Learned 4 Recycling zone layouts 2248 | -10/Materials | Learned 2 Storage zone layouts 2577 | -10/Materials | Repaired Lgt. Treads 2604 | -10/Materials | Repaired Assault Rifle 3221 | -10/Materials | Entered Mines 3222 | -10/Mines | Identified exit to Materials 3223 | -10/Mines | Identified exit to Subcaves 3237 | -10/Mines | Learned Materials terminal intel 3715 | -10/Mines | Core integrity fell below 50% 4027 | -10/Mines | Entered Subcaves 4062 | -10/Subcaves | Learned Materials stockpile data 4187 | -10/Subcaves | Shifting Twisted Machinery released Battle Cannon 4294 | -10/Subcaves | Discovered new exit (range 10) 4298 | -10/Subcaves | Shifting Twisted Machinery released Mak. Light Armor Plating 4404 | -10/Subcaves | Shifting Twisted Machinery released Sub. Shrapnel Launcher 4417 | -10/Subcaves | Shifting Twisted Machinery released Sub. Shrapnel Launcher 5197 | -10/Subcaves | Core integrity fell below 20% 5265 | -10/Subcaves | Learned location of Zion (-7) 5265 | -10/Subcaves | Met a Zionite searching for "candidates" 5543 | -10/Subcaves | Discovered new exit (range 15) 5546 | -10/Subcaves | Ambushed by Subdweller buried in earth 6916 | -10/Subcaves | Entered Recycling 6926 | -7/Recycling | Destroyed by Y-54 Guardian with Gatling Laser Last Messages --------------- 05918_ Acquired 6 matter. 05953_ Acquired 3 matter. 06071_ Subatomizers dissect the Sub. Optics, destroying it. 06295_ Subatomizers dissect the Sub. Optics. 06321_ Acquired 3 matter. 06324_ Acquired 5 matter. 06328_ Subatomizers dissect the Sub. Optics. 06328_ Acquired 10 matter. 06339_ Subatomizers dissect the Sub. Optics. 06360_ Acquired 17 matter. 06369_ Acquired 60 matter. 06376_ Acquired 55 matter. 06415_ Subatomizers dissect the Sub. Optics. 06475_ Acquired 12 matter. LOCATION=UNKNOWN GOAL=ESCAPE 06916_ Y-54 Guardian Imp. Heat Sink blasted off. Loading 4 Recycling zones... 06917_ Y-54 Guardian springs to life. 06922_ Y-54 Guardian Imp. Deuterium Engine blasted off. Map ----- +----------------------------------------------------+ | | | | | | | | | ?????????#??????????????????????????????????????? | | ?????????#??????????????????????????????????????? | | ?????????#??????????????????????????????????????? | | ?????????#??????????????????????????????????????? | | ?????????#??????????????????????????????????????? | | ?????????#??????????????????????????????????????? | | ?????????#??????????????????????????????????????? | | ?????????#??????????????????????????????????????? | | ?????????#??????????????????????????????????????? | | ?????????#??????????????????????????????????????? | | ????????????????????????????????????????????????? | | ????????????????????????????????????????????????? | | ????????????????????????????????????????????????? | | ????????????????????????????????????????????????? | | ????????????????????????????????????????????????? | | ????????????????????????????????????????????????? | | ????????????????????????????????????????????????? | | ??????????????????#####?????????????????????????? | | ???????????########[ ####??????????????????????? | | ???????????# ##[[[##Y###????????????????????? | | ???????????# % *% #????????????????????? | | ???????????# %% @%#????????????????????? | | ???????????# #????????????????????? | | ???????????# ####+#######???????????????????? | | ???????????## ##?# #???????????????????? | | #???????# #??# """ #???????????????????? | | #####???????# #??# """ #???????????????????? | | #???????????# #??# """ #???????????????????? | | #########???# #??# #???????????????????? | | #???# #??# "" #???????????????????? | | ##??# #??# ""T""" #???????????????????? | | #??# #??# """"" #???????????????????? | | ##??# #??# #???????????????????? | | #??## ##?#+########???????????????????? | | ############ #?# #??????????????????????????? | | #?# #??????????????????????????? | | T #?# #############??????????????? | | #?# # ??????????????? | | ####### ## #?# # ??????????????? | | #????# ########?# # """ """ """??????????????? | | #????#####????????# # """ """ """??????????????? | | #?????###########?# # """ """ """??????????????? | | #?????# ### # ??????????????? | | #?????# + # """ """ """??????????????? | | #?????# # + """ """ """??????????????? | | #?????# # # """ """ """??????????????? | +----------------------------------------------------+ Best States ------------- Heat Dissipation 25 Energy Generation 14 Energy Capacity 250 Matter Stores 300 Matter Capacity 300 Sight Range 16 Terrain Scan Density 10 Armor Coverage 100 Evasion (%) 40 Recoil Reduction 2 Item Schematics ----------------- None Robot Schematics ------------------ None Fabricated ------------ Nothing Alien Tech Used ----------------- None Achievements -------------- None Challenges ------------ None Game ------ Seed MetafieldBiocellLauncher Manual? 0 Play Time 00:38:55 Cumulative 146.0 hours Start 2024.09.30 @ 09:40:13 End 2024.09.30 @ 10:24:21 Sessions 1 Manual Loads 0 Difficulty Rogue Special Mode None Game No. 79 Rogue 79 Adventurer 0 Explorer 0 Win Type - Total 1 Types 0/0/0/1/0/0/0/0/0 Lore% 53 Gallery% 60 Achievement% 50 Wizard Run 0 Options --------- Layout 0 ASCII 0 Keyboard 0 Movement Numpad Keybinds 1 Fullscreen 2 Font 18/X11 Map View 76x50 Zoom Use 0% Tactical HUD 1 Map Filters NONE Filters NONE Steam 1 RUN: 70f634d0-31fd-4055-995c-e0cbac0017f8